 Dungeon Crawl Stone Soup version 0.27.1-4-g1640c2035a (webtiles) character file.

Game seed: 11512283337325656941

128 adizb the Skirmisher (level 5, -4/46 HPs)
             Began as a Hill Orc Monk on Nov 13, 2021.
             Was a Priest of the Shining One.
             Killed by divine providence
             ... invoked by an orc priest
              (15 damage)
             ... on level 3 of the Dungeon.
             The game lasted 00:17:23 (1716 turns).

adizb the Skirmisher (Hill Orc Monk)                Turns: 1716, Time: 00:17:29

Health: -4/46      AC:  7    Str: 14    XL:     5   Next: 11%
Magic:  0/6        EV: 11    Int: 10    God:    the Shining One [***...]
Gold:   92         SH:  0    Dex: 14    Spells: 4/4 levels left

rFire    . . .     SeeInvis .   a - +0 spear
rCold    . . .     Faith    .   (no shield)
rNeg     + . .     Spirit   +   h - +0 ring mail
rPois    .         Reflect  .   d - +1 helmet
rElec    .         Harm     .   (no cloak)
rCorr    .         Rampage  .   (no gloves)
Will     .....                  (no boots)
Stlth    +.........             c - amulet of guardian spirit
HPRegen  0.15/turn              (no ring)
MPRegen  0.10/turn              (no ring)

@: glowing
A: no striking features
a: Renounce Religion, Convert to Beogh, Divine Shield


You were on level 3 of the Dungeon.
You worshipped the Shining One.
The Shining One was most pleased with you.
You visited 1 branch of the dungeon, and saw 3 of its levels.

You collected 92 gold pieces.

Inventory:

Hand Weapons
 a - a +0 spear (weapon)
Missiles
 g - 10 poisoned darts
Armour
 b - a +0 robe
 d - a +1 helmet (worn)
 h - a +0 ring mail (worn)
Jewellery
 c - an amulet of guardian spirit (around neck)
Scrolls
 i - a scroll of vulnerability {unknown}
Potions
 e - a potion of invisibility {unknown}
 f - a potion of curing {unknown}


   Skills:
 + Level 4.1 Fighting
 + Level 2.0(3.6) Axes
 + Level 3.9(4.1) Polearms
 * Level 2.6 Armour
 - Level 2.4 Dodging
 - Level 1.5 Stealth
 - Level 1.0 Shields
 + Level 2.3 Invocations


You had 4 spell levels left.
You didn't know any spells.
Your spell library was empty.

Dungeon Overview and Level Annotations

Branches:
Dungeon (3/15)

Altars:
Uskayaw
The Shining One

Shops:
D:1 :=   D:3 !?


Message History

The orc barely misses you.
You hit the orc but do no damage.
The orc is almost dead.
The orc closely misses you. x2
You barely miss the orc.
The orc is almost dead.
The orc hits you but does no damage. The orc barely misses you.
You hit the orc.
You kill the orc!
The orc hits you but does no damage.
You hit the orc.
The orc is severely wounded.
You barely miss the orc priest. The orc hits you but does no damage.
The orc priest misses you.
The orc priest shouts, "Beogh is our master!
Accept the truth or die!"
The orc priest shouts, "Join the one true god or die!"
You hit the orc priest.
The orc priest is moderately wounded.
The orc hits you but does no damage. The orc priest closely misses you.
You hit the orc priest but do no damage.
The orc priest is moderately wounded.
The orc hits you but does no damage.
The orc priest hits you but does no damage.
The orc priest threatens, "By the altar or by the axe, you will meet Beogh!"
You hit the orc priest but do no damage.
The orc priest is moderately wounded.
The orc hits you with a +0 dagger.
The orc priest mumbles some strange prayers to Beogh against you.
Pain shoots through your body!
* * * LOW HITPOINT WARNING * * *
Okay, then.
Your library has no spells.
The orc hits you but does no damage.
Keep disrobing? [Y]es or [N]o only, please.
Keep disrobing?
You stop removing your amulet.
The orc priest mumbles some strange prayers to Beogh against you.
Beogh smites you!
You die...

#######
##############.....#
###............#.###.#
.∩....(#######.'.#...#
.......'.......'.#._.#
.......######..'o#...#
.......<.......#o###.# ...
###.#.#.....∩.o#@o...# ...
###...........†####### ....
..#...........oo...# .....
#.#................###.....
................>..........
#.#.†.............)........
#.#........................
#.##.......................
........###+####...........


You could see an orc priest and 2 orcs.

Vanquished Creatures
  Jessica (D:2)
  4 adders
  A dart slug (D:2)
  A worm (D:2)
  2 orcs (D:3)
  4 endoplasms
  6 giant cockroaches
  9 goblins
  3 hobgoblins (D:1)
  4 jackals (D:1)
  5 kobolds
  A quokka (D:3)
  5 ball pythons
  2 bats
  5 frilled lizards
  3 rats
56 creatures vanquished.

Notes
Turn   | Place    | Note
-------+----------+-------------------------------------------
     0 | D:1      | adizb the Hill Orc Monk began the quest for the Orb.
     0 | D:1      | Reached XP level 1. HP: 19/19 MP: 1/1
     6 | D:1      | Noticed a polar bear
     7 | D:1      | Noticed a wyvern
     7 | D:1      | Noticed a scorpion
    50 | D:1      | Found Uxzix's Jewellery Shoppe.
   150 | D:1      | Reached XP level 2. HP: 18/27 MP: 2/2
   199 | D:1      | Found Ugunank's Book Shoppe.
   419 | D:1      | Reached skill level 1 in Armour
   494 | D:1      | Reached skill level 1 in Shields
   574 | D:1      | Found a faded altar of an unknown god.
   580 | D:1      | Became a worshipper of the Shining One
   580 | D:1      | Reached * piety under the Shining One
   580 | D:1      | Reached ** piety under the Shining One
   662 | D:1      | Reached skill level 1 in Axes
   664 | D:1      | Reached skill level 1 in Invocations
   678 | D:1      | Reached XP level 3. HP: 27/33 MP: 3/3
   905 | D:2      | Noticed Jessica
   905 | D:2      | Reached *** piety under the Shining One
   939 | D:2      | Killed Jessica
   940 | D:2      | Reached skill level 4 in Fighting
   940 | D:2      | Reached XP level 4. HP: 11/40 MP: 3/5
  1598 | D:3      | Found Moxuost's Magic Scroll Emporium.
  1611 | D:3      | Found Jozusor's Distillery.
  1657 | D:3      | Found a hide-covered altar of Uskayaw.
  1687 | D:3      | Reached XP level 5. HP: 39/46 MP: 4/6
  1716 | D:3      | Killed from afar by an orc priest

Illustrated notes

Levels and vault maps discovered:
D:1:      onia_arrival_zoo_common, layout_basic, serial_shops, shop_fountains,
          nicolae_shop_stone, dreamdust_ecumenical_altar_angels_and_demons
D:2:      layout_loops_ring, minmay_between, uniq_jessica
D:3:      layout_basic, mainiacjoe_overflow_alcove_4, serial_shops, shop, shop

Skill      XL: |  1  2  3  4  5 |
---------------+----------------+-----
Armour         | 1 2 |  2.6
Shields        | 1 |  1.0
Axes           | 1 2 |  2.0
Invocations    | 1 2 |  2.3
Fighting       | 4 |  4.1
Polearms       | |  3.9
Dodging        | |  2.4
Stealth        | |  1.5

Action                   |  1- 3 |  4- 6 || total
-------------------------+-------+-------++-------
Melee: Spear             |   118 |   107 ||   225
  Use: Scroll            |     2 |     1 ||     3
 Stab: Sleeping          |     1 |       ||     1
Armor: Robe              |    17 |    10 ||    27
       Ring mail         |       |    26 ||    26
Dodge: Dodged            |    56 |    46 ||   102
